 Dungeon Crawl Stone Soup version 0.24.0-123-gd5b16e6ec5 (webtiles) character file.

Game seed: 7593089411921777528, levelgen mode: deterministic

108 Legadrian the Changer (level 5, -1/40 HPs)
             Began as a Human Transmuter on Feb 12, 2020.
             Was a Follower of Cheibriados.
             Slain by LostGamesStreakFreak's ghost (2 damage)
             ... on level 3 of the Dungeon.
             The game lasted 00:15:54 (3750 turns).

Legadrian the Changer (Human Transmuter)            Turns: 3750, Time: 00:15:55

Health: -1/40      AC:  2    Str: 13    XL:     5   Next: 12%
Magic:  8/8        EV: 12    Int: 16    God:    Cheibriados [*.....]
Gold:   222        SH:  0    Dex: 15    Spells: 2/8 levels left

rFire    . . .     SeeInvis .   g - +0 short sword
rCold    + . .     Gourm    .   (no shield)
rNeg     . . .     Faith    .   b - +0 robe
rPois    .         Spirit   .   (no helmet)
rElec    .         Reflect  .   (no cloak)
rCorr    .         Harm     .   (no gloves)
MR       .....                  (no boots)
Stlth    +.........             (no amulet)
HPRegen  0.13/turn              (no ring)
MPRegen  0.11/turn              (no ring)

@: very slow
A: cold resistance 1, robust 1
a: Bend Time, Renounce Religion


You were on level 3 of the Dungeon.
You worshipped Cheibriados.
Cheibriados was aware of your devotion.
You were hungry.

You visited 1 branch of the dungeon, and saw 3 of its levels.

You collected 222 gold pieces.

Inventory:

Hand Weapons
 g - a +0 short sword (weapon)
Missiles
 a - 27 arrows
 i - 4 curare-tipped darts (quivered)
Armour
 b - a +0 robe (worn)
Scrolls
 e - 4 scrolls of remove curse
 f - 2 scrolls of identify
 h - a scroll of amnesia
 p - a scroll of magic mapping
Potions
 c - a potion of lignification
 m - 2 potions of curing
 n - a potion of ambrosia {unknown}
 o - 2 potions of brilliance {unknown}
Comestibles
 d - 5 rations
 j - 3 chunks of flesh


   Skills:
 - Level 1.0 Fighting
   Level 0.6 Maces & Flails
 - Level 2.0 Dodging
 - Level 0.3 Stealth
 - Level 3.0 Unarmed Combat
 - Level 2.0 Spellcasting
 * Level 4.2 Transmutations
 * Level 1.6 Poison Magic


You had 2 spell levels left.
You knew the following spells:

 Your Spells              Type           Power        Failure   Level  Hunger
a - Beastly Appendage     Tmut           ###...       3%          1    #......
b - Sticks to Snakes      Tmut           ###.....     5%          2    ###....
c - Spider Form           Tmut/Pois      ##........   19%         3    ###....

Your spell library contained the following spells:

 Spells                   Type           Power        Failure   Level  Hunger
 Ice Form                 Ice/Tmut       #.......     65%         4    #####..
 Blade Hands              Tmut           ###.......   69%         5    ######.


Dungeon Overview and Level Annotations

Branches:
Dungeon (3/15)

Altars:
Ashenzari
Cheibriados
Qazlal
Ru
Trog
Uskayaw
Wu Jian
Beogh

Annotations:
D:3 LostGamesStreakFreak's ghost, novice DsMo


Innate Abilities, Weirdness & Mutations

Your flesh is cold resistant. (rC+)
You are robust. (+10% HP)


Message History

LostGamesStreakFreak's ghost is lightly damaged.
Your transformation is almost over.
LostGamesStreakFreak's ghost hits you.
You hit LostGamesStreakFreak's ghost.
LostGamesStreakFreak's ghost is lightly damaged.
LostGamesStreakFreak's ghost completely misses you.
You hit LostGamesStreakFreak's ghost but do no damage.
LostGamesStreakFreak's ghost is lightly damaged.
LostGamesStreakFreak's ghost hits you.
* * * LOW HITPOINT WARNING * * *
The orc complains repeatedly.
LostGamesStreakFreak's ghost hits you.
* * * LOW HITPOINT WARNING * * *
LostGamesStreakFreak's ghost hits you.
* * * LOW HITPOINT WARNING * * *
You fail to use your ability.
Your transformation has ended.
Your +0 short sword unmelds from your body.
Your +0 robe unmelds from your body.
LostGamesStreakFreak's ghost hits you.
You die...

#.# #.# ### ######
#.# #.# ..#.# #.#
#.# [.#.# #.# #.#
..#.# #.# #.#
..#.# #.# #.#
#.#.# #.# #.#
#.'.## #.# #.#
#.'..# #.# #@#
#.'..###.#######W#
#.#.......o.oo.o.#
..#......#########
..#.###### ..#.#
..#.# ###8# ###


You could see LostGamesStreakFreak's ghost and an orc.

Vanquished Creatures
  2 adders
  An ooze (D:1)
  A worm (D:2)
  2 dart slugs (D:3)
  3 orcs (D:3)
  2 ball pythons (D:3)
  3 giant cockroaches (D:1)
  7 goblins
  5 hobgoblins
  3 jackals (D:2)
  12 kobolds
  A quokka (D:2)
  10 bats
  3 frilled lizards
  11 rats
66 creatures vanquished.

Vanquished Creatures (collateral kills)
  A leopard gecko (D:2)
  4 jackals (D:2)
  3 rats (D:2)
8 creatures vanquished.

Grand Total: 74 creatures vanquished

Notes
Turn   | Place    | Note
-------+----------+-------------------------------------------
     0 | D:1      | Legadrian the Human Transmuter began the quest for the Orb.
     0 | D:1      | Reached XP level 1. HP: 15/15 MP: 3/3
    73 | D:1      | Reached XP level 2. HP: 16/21 MP: 5/5
    83 | D:1      | Gained mutation: You are agile. (Dex +2) [potion of
                  | mutation]
    83 | D:1      | Lost mutation: You are agile. (Dex +2) [potion of mutation]
    83 | D:1      | Gained mutation: You can translocate small distances at
                  | will. [potion of mutation]
    87 | D:1      | Learned a level 2 spell: Sticks to Snakes
   316 | D:1      | Reached skill level 3 in Transmutations
   418 | D:1      | Reached XP level 3. HP: 26/26 MP: 4/6
   431 | D:1      | Learned a level 3 spell: Spider Form
  1618 | D:2      | Lost mutation: You can translocate small distances at will.
                  | [potion of mutation]
  1618 | D:2      | Gained mutation: You are robust. (+10% HP) [potion of
                  | mutation]
  1618 | D:2      | Gained mutation: Your flesh is cold resistant. (rC+)
                  | [potion of mutation]
  1696 | D:2      | Reached skill level 1 in Poison Magic
  1882 | D:2      | Reached XP level 4. HP: 26/35 MP: 5/7
  2109 | D:2      | You fall into a shaft and drop 1 floor!
  2419 | D:3      | Found a runed translucent gate.
  2550 | D:2      | Found a hide-covered altar of Uskayaw.
  2558 | D:2      | Reached skill level 4 in Transmutations
  2583 | D:2      | Found a shattered altar of Ashenzari.
  2977 | D:2      | Found a bloodstained altar of Trog.
  2977 | D:2      | Found an ornate altar of the Wu Jian Council.
  2979 | D:2      | Found a sacrificial altar of Ru.
  2979 | D:2      | Found a stormy altar of Qazlal.
  2980 | D:2      | Found a snail-covered altar of Cheibriados.
  2988 | D:2      | Became a worshipper of Cheibriados the Contemplative
  3577 | D:3      | Reached XP level 5. HP: 40/40 MP: 6/8
  3711 | D:3      | Found a runed translucent gate.
  3712 | D:3      | Found a runed translucent gate.
  3712 | D:3      | Noticed LostGamesStreakFreak's ghost (novice DsMo)
  3715 | D:3      | Found a roughly hewn altar of Beogh.
  3716 | D:3      | Identified the +8 whip "Human's Curse" {freeze, rC+}
  3716 | D:3      | Identified the cursed +0 chain mail of Zias {rCorr Slay+3}
  3727 | D:3      | Reached * piety under Cheibriados
  3749 | D:3      | HP: 1/40 [LostGamesStreakFreak's ghost (5)]
  3750 | D:3      | Slain by LostGamesStreakFreak's ghost

Levels and vault maps discovered:
D:1:      roderic_crop_circles_arrival_small, layout_basic
D:2:      layout_basic, grunt_temple_overflow_open, minmay_rat_gold_closets
D:3:      layout_loops_ring, biasface_ghost_orc_armoury, uniq_crazy_yiuf_cottage

Skill      XL: |  1  2  3  4 |
---------------+-------------+-----
Transmutations | 3 4 |  4.2
Poison Magic   | 1 |  1.6
Fighting       | |  1.0
Maces & Flails | |  0.6
Dodging        | |  2.0
Stealth        | |  0.3
Unarmed Combat | |  3.0
Spellcasting   | |  2.0

Action                   |  1- 3 |  4- 6 || total
-------------------------+-------+-------++-------
Melee: Club              |    35 |       ||    35
       Unarmed           |     6 |    18 ||    24
       Kick              |     3 |     4 ||     7
       Punch             |     3 |     2 ||     5
       Headbutt          |     2 |     2 ||     4
       Short sword       |    52 |   112 ||   164
Throw: Dart              |     3 |       ||     3
 Cast: Beastly Appendage |     9 |    11 ||    20
       Sticks to Snakes  |       |     6 ||     6
       Spider Form       |       |     1 ||     1
  Use: Potion            |     4 |     2 ||     6
       Scroll            |     4 |     2 ||     6
 Stab: Sleeping          |     1 |     3 ||     4
  Eat: Chunk             |     3 |     7 ||    10
Armor: Robe              |    12 |    24 ||    36
Dodge: Dodged            |    65 |   113 ||   178
